 Seeded DCSS version 0.28.0-62-gf88900778d (webtiles) character file.

Game seed: 13591998346360536447 (custom seed)

618500 Psyclone the Sorcerer (level 27, -23/252 HPs)
             Began as an Octopode Conjurer on Oct 23, 2023.
             Was the Champion of Vehumet.
             Killed from afar by a Hell Sentinel (49 damage)
             ... with damnation
             ... on level 15 of a ziggurat on Oct 24, 2023.
             The game lasted 04:23:36 (76234 turns).

Psyclone the Sorcerer (Octopode Conjurer)          Turns: 76234, Time: 04:23:36

Health: -23/252    AC: 44    Str:  3    XL:     27
Magic:  19/59      EV: 22    Int: 64    God:    Vehumet [******]
Gold:   6013       SH: 30    Dex: 34    Spells: 8/73 levels left

rFire   + + +      SeeInvis +   a - +3 Elemental Staff {rElec rF++ rC++ AC+5}
rCold   + + +      Faith    .   i - +8 tower shield
rNeg    + + +      Spirit   .   d - -2 hat of the Alchemist {rElec rPois rF+ rC+ rN+ Will+ rMut rCorr}
rPois   ∞          Reflect  .   O - amulet of the Four Winds {rN+ Will+++ Clar}
rElec   +          Harm     .   b - ring "Xiagas" {rElec rCorr MP+9 AC+4 Dex+4 SInv}
rCorr   +          Rampage  .   f - ring "Vyohe" {rC+ Int+6 Dex+2 SInv Stlth+}
rMut    +          Clarity  +   s - ring of the Postmodern Hells {rN+ Str-5 Int+6 Dex+4}
Will    +++++                   P - ring of the Equinox {rElec rPois Int+6 Dex+6}
Stlth   +++++.....              Q - ring "Ovoet" {+Blink rC- Int+6 Dex+6}
HPRegen 0.52/turn               T - ring "Gounep" {rElec Will+ AC+4}
MPRegen 0.36/turn               l - ring "Zodegefon" {Wiz rElec Int+3}
                                N - +6 ring of intelligence

@: statue-form, slightly contaminated, studying 7 skills, very slow
A: slow and powerful, torment resistance 1, boosted hp, almost no armour,
amphibious, 8 rings, camouflage 1, (gelatinous body 1), (nimble swimmer 1),
tentacles, (iridescent scales 1), robust 1, noise suppression
}: 4/15 runes: decaying, slimy, silver, gossamer
a: End Transformation, Renounce Religion, Evoke Blink


You were on level 15 of a ziggurat.
You worshipped Vehumet.
Vehumet was exalted by your worship.
You were a living statue of rough stone.
You visited 10 branches of the dungeon, and saw 49 of its levels.
You visited 1 bazaar.
You visited 1 ziggurat, and saw 15 of its levels.
You also visited: Ice Cave, Volcano and Wizlab.

You collected 15644 gold pieces.
You spent 6557 gold pieces at shops.
You paid 3074 gold pieces to Gozag.

Inventory:

Hand Weapons
 a - the +3 Elemental Staff (weapon) {rElec rF++ rC++ AC+5}
   (You acquired it on level 2 of the Dungeon)

   If the wielder is skilled in Evocations, they can discharge powerful blasts
   of elemental energy when striking with it.
   It enhances your fire, ice, earth and air magic.
   AC:        It affects your AC (+5).
   rF:        It greatly protects you from fire.
   rC:        It greatly protects you from cold.
   rElec:     It insulates you from electricity.
Armour
 d - the -2 hat of the Alchemist (worn) {rElec rPois rF+ rC+ rN+ Will+ rMut rCorr}
   (You acquired it on level 2 of the Dungeon)

   rF:        It protects you from fire.
   rC:        It protects you from cold.
   rElec:     It insulates you from electricity.
   rPois:     It protects you from poison.
   rN:        It protects you from negative energy.
   rCorr:     It protects you from acid and corrosion.
   rMut:      It protects you from mutation.
   Will:      It increases your willpower.
 i - a +8 tower shield (worn)
Jewellery
 b - the ring "Xiagas" (left tentacle) {rElec rCorr MP+9 AC+4 Dex+4 SInv}
   (You acquired it on level 2 of the Dungeon)

   [ring of protection]

   AC:        It affects your AC (+4).
   Dex:       It affects your dexterity (+4).
   rElec:     It insulates you from electricity.
   MP:        It affects your magic capacity (+9).
   SInv:      It lets you see invisible.
   rCorr:     It protects you from acid and corrosion.
 c - the ring of the Spinneret {Fire Str+5 SInv}
   (You found it on level 14 of a ziggurat)

   [ring of fire]

   It enhances your fire magic.
   Str:       It affects your strength (+5).
   rF:        It protects you from fire.
   rC:        It makes you vulnerable to cold.
   SInv:      It lets you see invisible.
 f - the ring "Vyohe" (right tentacle) {rC+ Int+6 Dex+2 SInv Stlth+}
   (You acquired it on level 4 of the Dungeon)

   [ring of intelligence]

   Int:       It affects your intelligence (+6).
   Dex:       It affects your dexterity (+2).
   rC:        It protects you from cold.
   SInv:      It lets you see invisible.
   Stlth:     It makes you more stealthy.
 g - the amulet "Afrecopt" {Acrobat Int+4}
   (You found it on level 10 of a ziggurat)

   [amulet of the acrobat]

   It increases your evasion while moving and waiting.
   Int:       It affects your intelligence (+4).
 l - the ring "Zodegefon" (on tentacle) {Wiz rElec Int+3}
   (You took it off a fire giant on level 4 of the Depths)

   [ring of wizardry]

   It improves your spell success rate.
   Int:       It affects your intelligence (+3).
   rElec:     It insulates you from electricity.
 s - the ring of the Postmodern Hells (on tentacle) {rN+ Str-5 Int+6 Dex+4}
   (You acquired it on level 11 of the Dungeon)

   [ring of intelligence]

   Str:       It affects your strength (-5).
   Int:       It affects your intelligence (+6).
   Dex:       It affects your dexterity (+4).
   rN:        It protects you from negative energy.
 N - a +6 ring of intelligence (on tentacle)
 O - the amulet of the Four Winds (around mantle) {rN+ Will+++ Clar}
   (You bought it in a shop on level 11 of the Dungeon)

   [amulet of nothing]

   rN:        It protects you from negative energy.
   Clar:      It protects you against confusion.
   Will:      It greatly increases your willpower.
 P - the ring of the Equinox (on tentacle) {rElec rPois Int+6 Dex+6}
   (You bought it in a shop on level 11 of the Dungeon)

   [ring of intelligence]

   Int:       It affects your intelligence (+6).
   Dex:       It affects your dexterity (+6).
   rElec:     It insulates you from electricity.
   rPois:     It protects you from poison.
 Q - the ring "Ovoet" (on tentacle) {+Blink rC- Int+6 Dex+6}
   (You bought it in a shop on level 11 of the Dungeon)

   [ring of dexterity]

   Int:       It affects your intelligence (+6).
   Dex:       It affects your dexterity (+6).
   rC:        It makes you vulnerable to cold.
   +Blink:    It lets you blink.
 T - the ring "Gounep" (on tentacle) {rElec Will+ AC+4}
   (You bought it in a shop on level 11 of the Dungeon)

   [ring of protection]

   AC:        It affects your AC (+4).
   rElec:     It insulates you from electricity.
   Will:      It increases your willpower.
 U - a +6 ring of intelligence
Wands
 R - a wand of digging (11)
Scrolls
 e - 24 scrolls of identify {@r1}
 m - 9 scrolls of amnesia
 p - 10 scrolls of blinking
 r - 4 scrolls of immolation
 u - 24 scrolls of teleportation
 w - 4 scrolls of summoning
 x - 7 scrolls of magic mapping
 y - 14 scrolls of vulnerability
 A - 7 scrolls of enchant weapon
 B - 7 scrolls of fear
 C - 5 scrolls of torment
 G - 6 scrolls of enchant armour
 H - 10 scrolls of holy word
 I - 2 scrolls of silence {!r}
 L - 17 scrolls of fog
Potions
 h - 13 potions of ambrosia
 j - 2 potions of resistance
 k - 20 potions of curing
 n - 8 potions of haste
 o - 5 potions of brilliance
 t - 13 potions of mutation
 z - 24 potions of heal wounds
 D - 8 potions of lignification
 J - 6 potions of might
 K - 5 potions of cancellation
 S - 8 potions of invisibility
 V - a potion of attraction
 W - 4 potions of flight
 X - a potion of magic
 Z - 4 potions of berserk rage
Miscellaneous
 Y - a lightning rod (4/4)


   Skills:
 - Level 12.2 Fighting
 - Level 10.2 Dodging
 - Level 2.6 Stealth
 - Level 11.1 Shields
 + Level 23.8 Spellcasting
 - Level 21.0 Conjurations
 - Level 3.0 Hexes
 - Level 9.0 Necromancy
 - Level 3.0 Translocations
 - Level 21.0 Fire Magic
 - Level 21.0 Ice Magic
 - Level 9.0 Earth Magic


You had 8 spell levels left.
You knew the following spells:

 Your Spells              Type           Power      Damage    Failure   Level
a - Ignition              Fire           87%        3d22      1%          8
b - Polar Vortex          Ice            87%        N/A       1%          9
c - Statue Form           Tmut/Erth      77%        N/A       4%          6
d - Fulminant Prism       Conj/Hex       62%        3d27      1%          4
e - Iskenderun's Mystic   Conj/Tloc      100%       2d19      1%          4
f - Borgnjor's Vile Clut  Necr/Erth      68%        N/A       1%          5
g - Orb of Destruction    Conj           74%        9d17      1%          7
j - Freezing Cloud        Conj/Ice/Air   91%        6-21      1%          5
q - Blink                 Tloc           100%       N/A       1%          2
s - Fire Storm            Conj/Fire      87%        8d22      1%          9
t - Apportation           Tloc           100%       N/A       1%          1
x - Irradiate             Conj/Tmut      59%        3d33      1%          5

Your spell library contained the following spells:

 Spells                   Type           Power      Damage    Failure   Level
 Chain Lightning          Conj/Air       71%        3d95      47%         9
 Shatter                  Erth           68%        3d50*     67%         9
 Animate Skeleton         Necr           100%       N/A       0%          1
 Foxfire                  Conj/Fire      100%       2x1d9     0%          1
 Freeze                   Ice            100%       1d11      0%          1
 Magic Dart               Conj           100%       1d8       0%          1
 Pain                     Necr           100%       1d9       0%          1
 Ensorcelled Hibernation  Hex/Ice        100%       N/A       0%          2
 Searing Ray              Conj           100%       2d8       0%          2
 Static Discharge         Conj/Air       100%       N/A       0%          2
 Sublimation of Blood     Necr           100%       N/A       0%          2
 Conjure Flame            Conj/Fire      100%       6-21      0%          3
 Dazzling Flash           Conj/Hex       100%       N/A       0%          3
 Frozen Ramparts          Ice            100%       1d12      0%          3
 Inner Flame              Hex/Fire       100%       N/A       0%          3
 Ozocubu's Armour         Ice            100%       N/A       0%          3
 Stone Arrow              Conj/Erth      100%       3d13      0%          3
 Flame Wave               Conj/Fire      100%       2d17      0%          4
 Hailstorm                Conj/Ice       100%       3d20      0%          4
 Sticky Flame             Conj/Fire      100%       2d11      0%          4
 Fireball                 Conj/Fire      87%        3d32      0%          5
 Iskenderun's Battlesphe  Conj           100%       2d15      0%          5
 Starburst                Conj/Fire      87%        6d22      0%          6
 Sting                    Tmut/Pois      100%       1d8       1%          1
 Summon Small Mammal      Summ           100%       N/A       1%          1
 Call Imp                 Summ           66%        N/A       1%          2
 Corpse Rot               Necr/Air       100%       N/A       1%          2
 Passwall                 Tmut/Erth      96%        N/A       1%          2
 Poisonous Vapours        Pois/Air       100%       N/A       1%          2
 Wereblood                Tmut           66%        N/A       1%          2
 Call Canine Familiar     Summ           66%        N/A       1%          3
 Confusing Touch          Hex            86%        N/A       1%          3
 Ignite Poison            Fire/Tmut/Pois 100%       N/A       1%          3
 Lesser Beckoning         Tloc           86%        N/A       1%          3
 Mephitic Cloud           Conj/Pois/Air  100%       N/A       1%          3
 Portal Projectile        Hex/Tloc       100%       N/A       1%          3
 Spider Form              Tmut/Pois      66%        N/A       1%          3
 Summon Guardian Golem    Hex/Summ       77%        N/A       1%          3
 Swiftness                Air            85%        N/A       1%          3
 Teleport Other           Tloc           86%        N/A       1%          3
 Tukima's Dance           Hex            86%        N/A       1%          3
 Vampiric Draining        Necr           100%       2d13      1%          3
 Airstrike                Air            42%        N/A       1%          4
 Anguish                  Hex/Necr       50%        N/A       1%          4
 Animate Dead             Necr           56%        N/A       1%          4
 Dispel Undead            Necr           100%       3d31      1%          4
 Ice Form                 Ice/Tmut       100%       N/A       1%          4
 Leda's Liquefaction      Hex/Erth       62%        N/A       1%          4
 Olgreb's Toxic Radiance  Pois           66%        N/A       1%          4
 Passage of Golubria      Tloc           86%        N/A       1%          4
 Petrify                  Tmut/Erth      100%       N/A       1%          4
 Summon Lightning Spire   Summ/Air       85%        N/A       1%          4
 Agony                    Necr           100%       N/A       1%          5
 Excruciating Wounds      Necr           56%        N/A       1%          5
 Lee's Rapid Deconstruct  Erth           68%        3d32*     1%          5
 Lightning Bolt           Conj/Air       71%        1d96      1%          5
 Manifold Assault         Tloc           86%        N/A       1%          5
 Yara's Violent Unravell  Hex/Tmut       38%        3d15      1%          5
 Conjure Ball Lightning   Conj/Air       71%        3x3d26    1%          6
 Death Channel            Necr           56%        N/A       1%          6
 Simulacrum               Ice/Necr       79%        N/A       1%          6
 Ozocubu's Refrigeration  Ice            87%        4d22      1%          7
 Spellforged Servitor     Conj/Summ      59%        N/A       1%          7
 Lehudib's Crystal Spear  Conj/Erth      79%        10d18     1%          8
 Silence                  Hex/Air        48%        N/A       2%          5
 Summon Forest            Summ/Tloc      38%        N/A       2%          5
 Summon Mana Viper        Hex/Summ       77%        N/A       2%          5
 Alistair's Intoxication  Tmut/Pois      44%        N/A       5%          5
 Blade Hands              Tmut           33%        N/A       5%          5
 Eringya's Noxious Bog    Tmut/Pois      33%        N/A       8%          6
 Dispersal                Tloc           43%        N/A       9%          6
 Haunt                    Necr/Summ      46%        N/A       24%         7
 Summon Cactus Giant      Summ           33%        N/A       26%         6
 Infestation              Necr           56%        N/A       28%         8
 Enfeeble                 Hex            43%        N/A       41%         7
 Dragon Form              Tmut           33%        N/A       80%         7
 Summon Hydra             Summ           33%        N/A       80%         7
 Disjunction              Tloc           43%        N/A       96%         8
 Animate Armour           Summ/Erth      Unusable   N/A       N/A         4

Dungeon Overview and Level Annotations

Branches:
Dungeon (15/15)            Temple (1/1) D:6            Lair (6/6) D:8
  Swamp (4/4) Lair:4       Spider (4/4) Lair:4        Slime (5/5) Lair:6
    Orc (2/2) D:10            Elf (3/3) Orc:2        Vaults (5/5) D:13
  Crypt (0/3) Vaults:3     Depths (4/4) D:15            Zot (0/5) Depths:4
  IceCv (visited)         Volcano (visited)          WizLab (visited)

Altars:
Ashenzari
Cheibriados
Dithmenos
Elyvilon
Fedhas
Gozag
Hepliaklqana
Kikubaaqudgha
Makhleb
Nemelex Xobeh
Okawaru
Qazlal
Ru
Sif Muna
Trog
Uskayaw
Vehumet
Wu Jian
Xom
Yredelemnul
Zin
The Shining One
Beogh

Shops:
D:8 *   D:11 ====*   Orc:1 *   Orc:2 [[[:   Elf:1 ?*[   Elf:3 *[
Vaults:1 !(:(   Vaults:2 *   Vaults:3 [   Depths:3 (((?

Portals:
Hell: Depths:1 Depths:2 Depths:3 Depths:4
Abyss: Depths:2 Depths:3
Pandemonium: Depths:1 Depths:2
Trove: Depths:1 (give 5 potions of resistance)

Annotations:
D:9 exclusion: downstairs
Depths:1 1 runed translucent door


Innate Abilities, Weirdness & Mutations

You are a living statue of rough stone.
Your actions are slow, but your melee attacks are powerful.
You are resistant to unholy torment.
Your maximum health is greatly increased.
You are immune to poison.
You cannot wear most types of armour.
You are amphibious.
You can wear up to eight rings at the same time.
Your skin changes colour to match your surroundings (Stealth+).
((Your rubbery body absorbs attacks. (AC +1, EV +1)))
((You are camouflaged when in or above water. (Stealth+)))
You have tentacles for arms and can constrict up to eight enemies at once.
((You are partially covered in iridescent scales. (AC +2)))
You are robust. (+10% HP)
You passively dampen the noise of your surroundings.


Message History

The iron golem is blasted with magical radiation!!
You destroy the iron golem!
Vehumet accepts your kill.
You feel your power returning.
The Hell Sentinel is blasted with magical radiation!!
The Hell Sentinel is lightly wounded.
The Hell Sentinel twists and deforms.
You are lightly contaminated with residual magic.
You block the Hell Sentinel's attack.
The Hell Sentinel completely misses you.
You regained 4 mp, and now have 9/59 mp.
Casting: Irradiate (safe; 1% risk of failure)
Confirm with . or Enter, or press ? or * to list all spells.
You blink.
You now have 7/59 mp.
Casting: Blink (safe; 1% risk of failure)
Confirm with . or Enter, or press ? or * to list all spells.
Aiming: Orb of Destruction (safe; 1% risk of failure)
Press: ? - help, Shift-Dir - straight line, f/p - iron golem
Aim: an iron golem (lightly damaged)
The orb of destruction hits the iron golem!!!
The iron golem is moderately damaged.
You now have 1/59 mp.
Okay, then.
Magic courses through your body.
The Hell Sentinel completely misses you. x2
You block the Hell Sentinel's attack. x2
You regained 26 mp, and now have 27/59 mp.
Casting: Orb of Destruction (safe; 1% risk of failure)
Confirm with . or Enter, or press ? or * to list all spells.
You blink.
You now have 26/59 mp.
Casting: Blink (safe; 1% risk of failure)
Confirm with . or Enter, or press ? or * to list all spells.
Aiming: Orb of Destruction (safe; 1% risk of failure)
Press: ? - help, Shift-Dir - straight line, f/p - iron golem
Aim: an iron golem (moderately damaged)
The Hell Sentinel gestures at you.
The sphere of damnation explodes!
The damnation engulfs you!!!
You die...

▓▓▓ ▓▓▓▓▓▓.▓▓▓▓▓▓
▓▓▓...........▓▓▓
▓▓...............▓▓
▓▓▓.................▓
▓..........).).......
▓▓....................
▓▓.............8.......
▓............*☼........
▓..........)...).......
▓.........19.....).....
▓▓......................
▓..∩....................
▓▓......................
▓......................
▓.................


You could see an iron golem (ally target) and a Hell Sentinel (misshapen).

Vanquished Creatures
  A pandemonium lord (Zig:14)
  the Royal Jelly (Slime:5)
  Dissolution (Slime:3)
  2 dread liches
  An ancient lich (Vaults:5)
  Mara (Elf:3)
  6 juggernauts
  Bai Suzhen (Swamp:4)
  4 shard shrikes (Zig:12)
  9 caustic shrikes
  3 golden dragons
  Nikola (Swamp:4)
  2 Brimstone Fiends (Zig:14)
  the Enchantress (Depths:2)
  The ghost of Ewiqu the Executioner, an adept MiBe of Trog (Depths:1)
  2 Tzitzimimeh (Depths:2)
  An iron giant (Zig:10)
  4 Ice Fiends
  5 tentacled monstrosities
  4 Hell Sentinels
  A walking crystal tome (Depths:4)
  A walking earthen tome (Depths:3)
  2 walking frostbound tomes (Depths:4)
  3 liches
  7 titans
  An ancient champion (Zig:15)
  An Executioner (Zig:14)
  4 deep elf master archers
  3 deep elf blademasters
  2 quicksilver dragons
  A walking divine tome (Depths:4)
  3 tentacled starspawn
  18 acid blobs
  9 sphinxes
  2 storm dragons
  10 tengu reavers
  Kirke (D:13)
  A thorn hunter (Swamp:3)
  7 shadow dragons
  Donald (Vaults:3)
  2 demonspawn warmongers (Zig:14)
  A nargun (Zig:12)
  9 azure jellies
  A fenstrider witch (Swamp:4)
  The ghost of cbfl8 the Severer, a journeyman MiBe of Trog (Swamp:2)
  15 fire giants
  Louise (Swamp:2)
  8 rockslimes
  5 deep elf sorcerers
  An iron dragon (Depths:4)
  2 draconian knights
  7 quicksilver elementals
  The ghost of jjjjhere the Brawler, an adept VSWn of Okawaru (Swamp:4)
  4 ghost moths
  18 vault wardens
  17 frost giants
  3 emperor scorpions
  A cacodemon (Zig:14)
  5 orc warlords
  2 balrugs (Zig:14)
  A juggernaut zombie (Depths:1)
  A demonspawn corrupter (Zig:14)
  16 ironbound preservers
  A demonspawn blood saint (Zig:14)
  Aizul (Swamp:3)
  A draconian stormcaller (WizLab)
  6 deep elf elementalists (Elf:3)
  3 starcursed masses
  8 spriggan defenders
  16 stone giants
  2 broodmothers
  12 war gargoyles
  7 quicksilver oozes
  4 reapers
  20 very ugly things
  A juggernaut skeleton (Zig:13)
  10 ironbound thunderhulks
  2 green draconians (Zig:3)
  10 deep elf demonologists
  5 vampire knights
  2 wendigos (Zig:12)
  9 deep elf annihilators
  Azrael (Elf:2)
  A black draconian (Zig:3)
  A lorocyproca (Zig:14)
  2 demonspawn black suns (Zig:14)
  3 eleionomae
  9 purple draconians (WizLab)
  21 dire elephants
  4 bunyips (Swamp:2)
  6 entropy weavers
  2 crystal guardians (Vaults:4)
  2 blizzard demons
  17 ettins
  5 deep elf death magi (Elf:3)
  A green death (Zig:14)
  11 spark wasps
  8 iron golems
  9 statues (WizLab)
  9 fire dragons
  13 yaktaur captains
  9 deep elf high priests
  3 spectral fenstrider witches (Swamp:2)
  6 spriggan air magi
  11 great orbs of eyes
  Erolcha (D:13)
  An ogre mage (Orc:2)
  A ghost crab (Swamp:2)
  A juggernaut simulacrum (Depths:1)
  36 vault guards
  12 ice dragons
  5 rakshasas
  12 boulder beetles
  A quicksilver dragon skeleton (Depths:1)
  14 centaur warriors
  16 hydras
  4 peacekeepers
  11 ironbound frosthearts
  An ice dragon (shapeshifter) (Vaults:5)
  4 death knights
  A satyr (shapeshifter) (Zig:7)
  35 dancing weapons
  5 alligators
  6 deep troll shamans
  A death scarab (Spider:3)
  9 two-headed ogres
  A radroach (Spider:1)
  6 tengu warriors
  2 vampire magi
  A hell hog (Depths:3)
  A thrashing horror (Zig:4)
  5 death yaks (Lair:6)
  6 orc high priests
  10 spriggans
  A titan zombie (Depths:1)
  2 naga sharpshooters (Zig:2)
  6 deep troll earth magi
  2 spriggan berserkers
  Urug (D:13)
  A fire crab (Lair:6)
  17 deep elf knights
  10 hell knights
  2 sun moths (Spider:4)
  A salamander mystic (Depths:3)
  A spark wasp zombie (Depths:1)
  A spectral spriggan (Swamp:2)
  A wretched star (Zig:13)
  9 crystal echidnas
  3 pharaoh ants
  3 iron trolls (Depths:1)
  2 sixfirhies
  8 skeletal warriors
  6 spatial maelstroms
  A steelbarb worm (shapeshifter) (Vaults:5)
  4 goliath frogs
  A glowing orange brain (shapeshifter) (Depths:4)
  A shadow demon (Zig:7)
  A deep troll (shapeshifter) (Vaults:5)
  2 steelbarb worms
  50 deep trolls
  An orb spider (shapeshifter) (Depths:4)
  A spriggan druid (Swamp:2)
  11 wizards
  7 swamp dragons
  An orange crystal statue (IceCv)
  8 orb spiders (Spider:4)
  5 glowing orange brains
  4 flayed ghosts (Depths:4)
  2 bog bodies
  An obsidian statue (Vaults:1)
  23 ironbound convokers
  12 orc knights
  2 fenstrider witch simulacra (Swamp:2)
  5 harpies
  32 deep elf pyromancers
  30 deep elf zephyrmancers
  35 ugly things
  14 deep elf archers
  A frost giant zombie (Depths:1)
  10 wolf spiders
  4 tengu skeletons
  3 lindwurms
  7 orc sorcerers
  11 phantasmal warriors
  A glowing shapeshifter (Zig:6)
  A manticore (shapeshifter) (Depths:4)
  4 necromancers
  A sphinx skeleton (Vaults:3)
  A salamander (shapeshifter) (Zig:11)
  6 will-o-the-wisps
  2 salamanders (Depths:3)
  A faun (shapeshifter) (Depths:2)
  A moth of wrath (shapeshifter) (Vaults:2)
  9 cyclopes
  8 black mambas
  5 moths of wrath
  3 shining eyes
  A manticore (D:14)
  25 elephants
  2 elephants (shapeshifter)
  A water nymph (shapeshifter) (Depths:4)
  A frost giant skeleton (Depths:1)
  A stone giant skeleton (Depths:1)
  An apocalypse crab (Zig:7)
  2 fire giant skeletons
  3 molten gargoyles (Volcano)
  A naga mage (Zig:2)
  21 vault sentinels
  3 smoke demons
  A rust devil (Depths:2)
  8 torpor snails
  2 eyes of devastation
  11 storm dragon simulacra
  4 gargoyles
  Maggie (Lair:2)
  An orange demon (Depths:2)
  A human zombie (Vaults:3)
  13 cane toads
  3 hellions
  10 demonic crawlers
  29 yaktaurs
  2 spriggan zombies (Depths:1)
  7 komodo dragons
  4 tormentors
  4 efreet
  9 freezing wraiths
  5 rime drakes
  4 elf skeletons (Vaults:3)
  2 unseen horrors (D:13)
  22 tengu conjurers
  A spriggan skeleton (Depths:1)
  2 ancient zymes
  3 golden dragon simulacra (IceCv)
  A polar bear (Lair:4)
  A spectral death drake (Swamp:2)
  10 trolls
  12 tyrant leeches
  2 bloated husks
  19 hornets
  12 meliai
  A polar bear (shapeshifter) (Elf:2)
  11 blink frogs
  76 slime creatures
  A slime creature (shapeshifter) (Elf:2)
  A blink frog (shapeshifter) (D:9)
  25 tarantellas
  6 large abominations
  A snapping turtle (shapeshifter) (D:11)
  A dream sheep (shapeshifter) (Vaults:5)
  2 raiju
  25 jumping spiders
  2 centaur simulacra (D:14)
  A spriggan (shapeshifter) (Vaults:5)
  Sigmund (D:5)
  2 ettin skeletons (Vaults:3)
  3 shadows
  An air elemental (Elf:3)
  5 wyverns
  A ynoxinul (Zig:7)
  18 culicivoras
  5 water elementals
  8 wraiths
  A basilisk (shapeshifter) (D:13)
  50 yaks
  6 fire elementals
  3 steam dragons
  3 basilisks
  5 hogs (D:13)
  A human (D:13)
  2 neqoxecs (Zig:13)
  2 chaos spawn
  43 redbacks
  2 swamp worm simulacra (Swamp:4)
  Menkaure (D:5)
  19 swamp worms
  24 vampire mosquitoes
  Edmund (D:5)
  2 spriggan simulacra (Swamp:2)
  5 wargs
  A naga (Zig:2)
  18 water moccasins
  2 death drake simulacra (Swamp:2)
  3 hell hounds (Elf:2)
  11 hydra simulacra (Swamp:4)
  2 floating eyes (Depths:4)
  2 small abominations (Zig:13)
  An ogre skeleton (Vaults:3)
  A swamp drake (Lair:6)
  4 human skeletons (Vaults:3)
  3 ice dragon simulacra (IceCv)
  54 orc warriors
  3 sky beasts
  3 ice beasts
  The ghost of Fos Wory the Chopper, an amateur MiBe of Trog (D:3)
  2 black bears (D:6)
  23 ogres
  17 centaurs
  6 earth elementals
  A kobold brigand (D:10)
  10 bullfrogs
  A wyvern zombie (D:7)
  3 gnoll sergeants
  5 scorpions
  A water moccasin zombie (D:5)
  A glowing shapeshifter simulacrum (Zig:7)
  A hornet simulacrum (D:14)
  5 lindwurm simulacra (IceCv)
  12 killer bees
  2 human simulacra (Vaults:3)
  4 vampire bats (D:13)
  8 wights
  4 howler monkeys
  7 electric eels
  A bullfrog zombie (D:5)
  2 centaur zombies
  2 hounds
  28 orc priests
  4 bullfrog skeletons
  2 gnoll shamans
  3 jellies
  16 iguanas
  Ijyb (D:5)
  Natasha (thrice) (D:2)
  12 orc wizards
  9 hell rats
  A killer bee zombie (D:7)
  3 hound skeletons
  2 howler monkey zombies
  21 gnolls
  8 adders
  A howler monkey skeleton (D:6)
  4 river rats (D:13)
  A white imp (D:5)
  2 ufetubi
  6 swamp drake simulacra (Swamp:4)
  2 adder skeletons (D:4)
  3 worms
  6 dart slugs
  88 orcs
  9 bats
  9 endoplasms
  8 giant cockroaches
  10 hobgoblins
  5 jackals
  14 kobolds
  3 quokkas
  9 ball pythons
  A frilled lizard (D:2)
  5 goblins
  15 rats
  A spectral hobgoblin (D:4)
  2 bushes
  52 fire vortices
  6 fulminant prisms
2381 creatures vanquished.

Vanquished Creatures (collateral kills)
  A tentacled monstrosity (Depths:4)
  A walking divine tome (Depths:4)
  3 acid blobs (Slime:5)
  A storm dragon (Depths:3)
  A tengu reaver (Vaults:3)
  A vault warden (Vaults:5)
  A very ugly thing (Vaults:4)
  A dire elephant (Vaults:4)
  A yaktaur captain (Vaults:4)
  A vault guard (Vaults:4)
  A spriggan berserker (Depths:2)
  A deep troll (Depths:1)
  3 ugly things
  A tengu skeleton (Vaults:3)
  4 slime creatures
  A floating eye (Depths:3)
23 creatures vanquished.

Vanquished Creatures (others)
  An eleionoma (Swamp:2)
  A wolf spider (Spider:4)
  A tengu conjurer (WizLab)
  A tyrant leech (Swamp:4)
  A bloated husk (Swamp:4)
  3 hydra simulacra (Swamp:4)
  A centaur (D:15)
  A scorpion (D:8)
  401 fire vortices
  8 foxfires
  210 fulminant prisms
  59 fungi
  76 plants
764 creatures vanquished.

Grand Total: 3168 creatures vanquished

Notes
Turn   | Place    | Note
-------+----------+-------------------------------------------
     0 | D:1      | Psyclone the Octopode Conjurer began the quest for the Orb.
     0 | D:1      | Reached XP level 1. HP: 11/11 MP: 3/3
    59 | D:1      | Reached XP level 2. HP: 15/17 MP: 5/5
    88 | D:2      | Identified a scroll of acquirement
    88 | D:2      | Acquired the ring "Xiagas" {rElec rCorr MP+9 AC+4 Dex+4
                  | SInv}
   155 | D:1      | Learned a level 2 spell: Searing Ray
   196 | D:2      | Acquired the -2 hat of the Alchemist {rElec rPois rF+ rC+
                  | rN+ Will+ rMut rCorr}
   196 | D:2      | Found the -2 hat of the Alchemist {rElec rPois rF+ rC+ rN+
                  | Will+ rMut rCorr}
   221 | D:2      | Acquired the +3 Elemental Staff {rElec rF++ rC++ AC+5}
   221 | D:2      | Found the +3 Elemental Staff {rElec rF++ rC++ AC+5}
   251 | D:3      | Found a glowing golden altar of the Shining One.
   300 | D:4      | Acquired the ring "Vyohe" {rC+ Int+6 Dex+2 SInv Stlth+}
   345 | D:4      | Gained mutation: You are robust. (+10% HP) [potion of
                  | mutation]
   345 | D:4      | Gained mutation: You passively dampen the noise of your
                  | surroundings. [potion of mutation]
   345 | D:4      | Gained mutation: You are partially covered in iridescent
                  | scales. (AC +2) [potion of mutation]
   480 | D:4      | Reached skill level 5 in Conjurations
   480 | D:4      | Reached XP level 3. HP: 23/23 MP: 6/6
   530 | D:5      | Entered Level 5 of the Dungeon
   535 | D:5      | Reached XP level 4. HP: 29/29 MP: 7/7
   588 | D:5      | Found a shimmering blue altar of Sif Muna.
   601 | D:5      | Noticed an ice beast
   610 | D:5      | Killed an ice beast
   611 | D:5      | Reached XP level 5. HP: 33/34 MP: 8/8
   690 | D:5      | Found an opulent altar of Gozag.
   697 | D:5      | Became a worshipper of Gozag Ym Sagoz the Greedy
   753 | D:5      | Found an iron altar of Okawaru.
   770 | D:5      | Noticed a centaur
   791 | D:5      | Noticed Menkaure
   846 | D:6      | Reached XP level 6. HP: 37/39 MP: 9/9
   934 | D:6      | Noticed a sky beast
   941 | D:6      | Killed a sky beast
  1220 | D:9      | Acquired 1301 gold pieces
  1227 | D:9      | Acquired 1256 gold pieces
  1243 | D:9      | Acquired 1355 gold pieces
  1344 | D:10     | Entered Level 10 of the Dungeon
  1414 | D:11     | Found Reiheab's General Store.
  1417 | D:11     | Bought a scroll of acquirement for 624 gold pieces
  1430 | D:11     | Acquired the ring of the Postmodern Hells {rN+ Str-5 Int+6
                  | Dex+4}
  1510 | D:11     | Learned a level 4 spell: Fulminant Prism
  1599 | D:10     | Reached XP level 7. HP: 40/45 MP: 10/10
  1661 | D:10     | Reached skill level 3 in Spellcasting
  2114 | D:7      | Reached skill level 4 in Spellcasting
  2116 | D:7      | Found an ornate altar of the Wu Jian Council.
  2273 | D:5      | Killed Menkaure
  2296 | D:5      | Reached XP level 8. HP: 50/50 MP: 14/15
  2404 | D:5      | Noticed Sigmund
  2410 | D:5      | Killed Sigmund
  2411 | D:5      | Reached skill level 5 in Spellcasting
  2653 | D:5      | Noticed Ijyb
  2697 | D:5      | Killed Ijyb
  2721 | D:5      | Reached skill level 6 in Spellcasting
  2723 | D:5      | Noticed Edmund
  2736 | D:5      | Killed Edmund
  3093 | D:5      | Found a stormy altar of Qazlal.
  3277 | D:5      | Reached XP level 9. HP: 56/56 MP: 19/19
  3341 | D:5      | Reached skill level 7 in Spellcasting
  4480 | D:2      | Noticed Natasha
  4485 | D:2      | Killed Natasha
  4519 | D:2      | Found a faded altar of an unknown god.
  4527 | D:2      | Noticed Natasha
  4537 | D:2      | Killed Natasha
  4670 | D:2      | Noticed Natasha
  4672 | D:2      | Killed Natasha
  5523 | D:3      | Found a transporter.
  5526 | D:3      | Noticed Fos Wory's ghost (amateur MiBe)
  5620 | D:3      | Found a transporter.
  5630 | D:3      | Killed Fos Wory's ghost
  6342 | D:4      | Found a hazy altar of Hepliaklqana.
  6424 | D:6      | Reached skill level 8 in Spellcasting
  6464 | D:6      | Learned a level 4 spell: Iskenderun's Mystic Blast
  6797 | D:6      | Reached skill level 10 in Conjurations
  7050 | D:6      | Found a staircase to the Ecumenical Temple.
  7679 | Temple   | Entered the Ecumenical Temple
  8149 | D:7      | Reached skill level 9 in Spellcasting
  8458 | D:8      | Reached XP level 10. HP: 61/61 MP: 23/23
  8606 | D:7      | Learned a level 3 spell: Ozocubu's Armour
  8614 | D:8      | Reached skill level 10 in Spellcasting
  8768 | D:8      | Found a staircase to the Lair.
  8877 | D:8      | Found Kiqy Okk's Assorted Antiques.
  9027 | D:8      | Found a bloodstained altar of Trog.
  9313 | D:9      | Found the +8 storm bow {elec, penet}
  9318 | D:9      | Reached skill level 11 in Spellcasting
  9538 | D:9      | Reached XP level 11. HP: 65/67 MP: 26/26
 10194 | D:10     | Noticed a boulder beetle
 10400 | D:10     | Reached skill level 12 in Spellcasting
 10737 | D:10     | Noticed a seven-headed hydra
 10737 | D:10     | Noticed a two-headed ogre
 10763 | D:10     | Killed a two-headed ogre
 10830 | D:10     | Killed a seven-headed hydra
 11012 | D:10     | Found a staircase to the Orcish Mines.
 11682 | D:11     | Noticed a two-headed ogre
 11691 | D:11     | Killed a two-headed ogre
 11692 | D:11     | Reached skill level 13 in Spellcasting
 11939 | D:11     | Noticed an eight-headed hydra
 11951 | D:11     | Killed an eight-headed hydra
 12103 | D:11     | Noticed a two-headed ogre
 12132 | D:11     | Killed a two-headed ogre
 12133 | D:11     | Reached XP level 12. HP: 72/72 MP: 13/29
 12842 | D:10     | Killed a boulder beetle
 12843 | D:10     | Reached skill level 1 in Fighting
 13234 | D:11     | Bought the amulet of the Four Winds {rN+ Will+++ Clar} for
                  | 658 gold pieces
 13234 | D:11     | Found the amulet of the Four Winds {rN+ Will+++ Clar}
 13235 | D:11     | Bought the ring of the Equinox {rElec rPois Int+6 Dex+6}
                  | for 1250 gold pieces
 13237 | D:11     | Bought the ring "Ovoet" {+Blink rC- Int+6 Dex+6} for 937
                  | gold pieces
 13294 | Orc:1    | Entered Level 1 of the Orcish Mines
 13294 | Orc:1    | Found Bucsurua's General Store.
 13455 | Orc:1    | Bought a potion of degeneration for 12 gold pieces
 13455 | Orc:1    | Bought a scroll of fog for 24 gold pieces
 13663 | Orc:2    | Entered Level 2 of the Orcish Mines
 13753 | Orc:2    | Noticed a two-headed ogre
 13763 | Orc:2    | Killed a two-headed ogre
 13764 | Orc:2    | Noticed a two-headed ogre
 13830 | Orc:2    | Killed a two-headed ogre
 14094 | Orc:1    | Reached skill level 5 in Dodging
 14620 | Orc:2    | Reached skill level 5 in Fighting
 15322 | Orc:2    | Noticed an orc warlord
 15336 | Orc:2    | Killed an orc warlord
 15576 | Orc:2    | Noticed an orc high priest
 15588 | Orc:2    | Killed an orc high priest
 15589 | Orc:2    | Reached XP level 13. HP: 86/93 MP: 15/30
 15773 | Orc:2    | Noticed an orc warlord
 15790 | Orc:2    | Killed an orc warlord
 16041 | Orc:2    | Found Fomogynk's Antique Armour Shop.
 16130 | Orc:2    | Found Jij Sur's Antique Armour Shoppe.
 16387 | Orc:2    | Found a staircase to the Elven Halls.
 16937 | Orc:2    | Found Taqieheg's Antique Armour Boutique.
 17066 | Orc:2    | Found Alasek's Book Shop.
 17308 | D:11     | Bought the ring "Gounep" {rElec Will+ AC+4} for 556 gold
                  | pieces
 17310 | D:11     | Bought a +6 ring of intelligence for 819 gold pieces
 17501 | Temple   | Fell from the grace of Gozag
 17501 | Temple   | Became a worshipper of Vehumet
 17600 | Lair:1   | Entered Level 1 of the Lair of Beasts
 17612 | Lair:1   | Found a dark tunnel.
 17677 | Volcano  | Entered a volcano
 18405 | Lair:1   | Got the Almanac of Evil Secrets
 19085 | Lair:2   | Reached skill level 10 in Dodging
 19173 | Lair:2   | Noticed Maggie
 19181 | Lair:2   | Killed Maggie
 19440 | Lair:2   | Reached * piety under Vehumet
 19440 | Lair:2   | Offered knowledge of Sandblast by Vehumet.
 19441 | Lair:2   | Reached skill level 10 in Fighting
 19496 | Lair:2   | Reached skill level 1 in Shields
 19669 | Lair:2   | Reached XP level 14. HP: 108/108 MP: 28/31
 20355 | Lair:2   | Identified the +2 hand axe of Guotsole {venom, *Corrode rN+
                  | Int+2 Stlth+}
 20728 | Lair:3   | Reached skill level 5 in Shields
 21036 | Lair:3   | Reached ** piety under Vehumet
 21036 | Lair:3   | Offered knowledge of Shock by Vehumet.
 21438 | Lair:3   | Learned a level 5 spell: Borgnjor's Vile Clutch
 22184 | Lair:4   | Reached skill level 1 in Ice Magic
 22184 | Lair:4   | Reached skill level 1 in Earth Magic
 22188 | Lair:4   | Reached skill level 1 in Hexes
 22188 | Lair:4   | Reached skill level 1 in Necromancy
 22188 | Lair:4   | Reached skill level 1 in Translocations
 22923 | Lair:4   | Offered knowledge of Stone Arrow by Vehumet.
 23070 | Lair:4   | Found a staircase to the Swamp.
 23099 | Lair:4   | Found a hole to the Spider Nest.
 23606 | Lair:4   | Reached *** piety under Vehumet
 25019 | Lair:6   | Entered Level 6 of the Lair of Beasts
 25294 | Lair:6   | Offered knowledge of Airstrike by Vehumet.
 26018 | Lair:6   | Reached XP level 15. HP: 110/113 MP: 29/32
 26324 | Lair:6   | Reached **** piety under Vehumet
 26325 | Lair:6   | Was forgiven by Gozag
 26569 | Lair:6   | Found a staircase to the Slime Pits.
 26584 | Lair:6   | Reached skill level 5 in Earth Magic
 26586 | Lair:6   | Offered knowledge of Mephitic Cloud by Vehumet.
 26637 | Lair:6   | Reached skill level 5 in Necromancy
 27118 | Lair:6   | Found a runed translucent door.
 27530 | Lair:6   | Reached ***** piety under Vehumet
 27816 | D:12     | You fall into a shaft and drop 2 floors!
 28126 | D:14     | Offered knowledge of Spellforged Servitor by Vehumet.
 30070 | D:13     | Noticed Urug
 30078 | D:13     | Killed Urug
 30450 | D:13     | Reached skill level 10 in Shields
 30547 | D:13     | Found a gate to the Vaults.
 30562 | D:13     | Reached XP level 16. HP: 78/119 MP: 21/33
 30733 | D:13     | Noticed Kirke
 30745 | D:13     | Killed Kirke
 30850 | D:13     | Offered knowledge of Conjure Ball Lightning by Vehumet.
 30940 | D:13     | Noticed Erolcha
 30943 | D:13     | Killed Erolcha
 32003 | D:14     | Reached skill level 14 in Spellcasting
 32116 | D:14     | Offered knowledge of Orb of Destruction by Vehumet.
 32136 | D:14     | Learned a level 1 spell: Apportation
 32144 | D:14     | Learned a level 7 spell: Orb of Destruction
 32212 | D:15     | Entered Level 15 of the Dungeon
 32919 | D:15     | Found a staircase to the Depths.
 33176 | D:15     | Found a white marble altar of Elyvilon.
 34047 | Spider:1 | Entered Level 1 of the Spider Nest
 34998 | Spider:1 | Reached skill level 15 in Spellcasting
 35079 | Spider:2 | Reached XP level 17. HP: 126/126 MP: 35/36
 35114 | Spider:2 | Found the +3 robe of Clouds {*Thunder rCloud rElec}
 35301 | Spider:2 | Identified the +7 chain mail of Qiysimoa {rN+}
 35373 | Spider:2 | Learned a level 5 spell: Irradiate
 35380 | Spider:2 | Learned a level 6 spell: Statue Form
 35677 | Spider:2 | Reached skill level 15 in Conjurations
 36245 | Spider:3 | Found a frozen archway.
 36249 | IceCv    | Entered an ice cave
 36591 | IceCv    | Reached ****** piety under Vehumet
 36832 | IceCv    | Noticed a golden dragon
 36851 | IceCv    | Killed a golden dragon
 36851 | IceCv    | Offered knowledge of Iron Shot by Vehumet.
 36962 | IceCv    | Got the Catalogue of Ice
 37000 | IceCv    | Identified the ring "Rukhloqosk" {rC+ Int+4}
 37002 | IceCv    | Identified the ring of the Middle {rF+ Int+4 Dex+2}
 37009 | IceCv    | Identified the +2 hat of the Meadowlark {rC+++ Str-5
                  | Slay+3}
 37650 | Spider:3 | Reached skill level 16 in Spellcasting
 37896 | Spider:4 | Entered Level 4 of the Spider Nest
 39432 | Spider:4 | Offered knowledge of Fireball by Vehumet.
 39444 | Spider:4 | Learned a level 5 spell: Fireball
 39606 | Spider:4 | Reached XP level 18. HP: 115/132 MP: 28/38
 39847 | Spider:4 | Got a gossamer rune of Zot
 40019 | Swamp:1  | Entered Level 1 of the Swamp
 40662 | Swamp:1  | Reached skill level 17 in Spellcasting
 41206 | Swamp:2  | Found a runed translucent gate.
 41207 | Swamp:2  | Found a runed translucent gate.
 41208 | Swamp:2  | Found a runed translucent gate.
 41223 | Swamp:2  | Noticed cbfl8's ghost (journeyman MiBe)
 41284 | Swamp:2  | Noticed Louise
 41309 | Swamp:2  | Killed Louise
 42660 | Swamp:2  | Offered knowledge of Freezing Cloud by Vehumet.
 42755 | Swamp:2  | Killed cbfl8's ghost
 42877 | Swamp:2  | Identified the +8 hand axe of Tedalom {vorpal, *Noise Str+4
                  | Dex+8}
 42959 | Swamp:3  | Found the +4 skin of Zhor {*Englaciate rC+++ SInv}
 42965 | Swamp:3  | Found a sparkling altar of Nemelex Xobeh.
 43193 | Swamp:3  | Noticed Aizul
 43198 | Swamp:3  | Killed Aizul
 43630 | Swamp:4  | Entered Level 4 of the Swamp
 43645 | Swamp:4  | Noticed Nikola
 43653 | Swamp:4  | Killed Nikola
 44388 | Swamp:4  | Found a runed translucent door.
 44389 | Swamp:4  | Noticed jjjjhere's ghost (adept VSWn)
 44512 | Swamp:4  | Killed jjjjhere's ghost
 44513 | Swamp:4  | Reached skill level 18 in Spellcasting
 44519 | Swamp:4  | Identified the +8 shortbow "Orb Guardian's Regret" {freeze,
                  | rN++ Will+ Dex-4}
 44619 | Swamp:4  | Identified the +3 mace "Gatuenaig" {venom, rPois rC- Str+2}
 44626 | Swamp:4  | Learned a level 5 spell: Freezing Cloud
 44643 | Swamp:4  | Noticed Bai Suzhen
 44659 | Swamp:4  | Killed Bai Suzhen
 45561 | Swamp:4  | Identified the -3 pair of boots of Ceosacytz {Slay+3}
 45784 | Swamp:4  | Got a decaying rune of Zot
 46133 | Elf:1    | Entered Level 1 of the Elven Halls
 46143 | Elf:1    | Reached XP level 19. HP: 138/138 MP: 41/41
 46330 | Elf:1    | Found Qeameolia's Magic Scroll Emporium.
 46334 | Elf:1    | Found Pigraevu's General Store.
 46336 | Elf:1    | Found Siam's Armour Emporium.
 46354 | Elf:1    | Bought a scroll of fear for 66 gold pieces
 46396 | Elf:1    | Offered knowledge of Ignition by Vehumet.
 46409 | Elf:1    | Learned a level 8 spell: Ignition
 46410 | Elf:1    | Identified the +0 leather armour of Levity {Regen+}
 46423 | Elf:1    | Reached skill level 1 in Fire Magic
 47070 | Elf:1    | Reached skill level 5 in Fire Magic
 47968 | Elf:2    | Found a runed translucent gate.
 47969 | Elf:2    | Found a runed translucent gate.
 47971 | Elf:2    | Found a runed translucent gate.
 48394 | Elf:2    | Noticed Azrael
 48401 | Elf:2    | Killed Azrael
 48802 | Elf:2    | Reached skill level 10 in Fire Magic
 49315 | Elf:3    | Entered Level 3 of the Elven Halls
 50248 | Elf:3    | Found Keynwof's General Store.
 50608 | Elf:3    | Reached XP level 20. HP: 145/145 MP: 42/42
 50722 | Elf:3    | Offered knowledge of Fire Storm by Vehumet.
 50722 | Elf:3    | Offered knowledge of Shatter by Vehumet.
 50722 | Elf:3    | Offered knowledge of Chain Lightning by Vehumet.
 50872 | Elf:3    | Found Boll's Armour Shoppe.
 50947 | Elf:3    | Noticed Mara
 51006 | Elf:3    | Noticed Psyclone's illusion
 51009 | Elf:3    | Killed Mara
 51259 | Elf:3    | Noticed a Tzitzimitl
 51405 | Elf:3    | Identified the ring "Peadon" {rPois rN+ Str+4 Stlth+}
 52018 | Elf:3    | Got the Incunabulum of Supportive Flames
 52021 | Elf:3    | Got Sif Muna's Guide on Calling
 52028 | Elf:3    | Got the Reference Book on Poisonous Fire
 52066 | Elf:3    | Found the +7 sceptre of Torment {pain, torment}
 52069 | Elf:3    | Identified the +8 glaive "Suofo" {venom, Dex+4}
 52073 | Elf:3    | Found the +7 Singing Sword {vorpal, sonic wave}
 52138 | Elf:3    | Learned a level 2 spell: Blink
 52429 | Vaults:1 | Entered Level 1 of the Vaults
 52458 | Vaults:1 | Found Zaukki's Distillery.
 52459 | Vaults:1 | Found Qunylyc's Antique Weapon Boutique.
 52465 | Vaults:1 | Bought 2 potions of heal wounds for 120 gold pieces
 52467 | Vaults:1 | Found Aridyan's Weapon Shop.
 52506 | Vaults:1 | Found Fapt's Book Emporium.
 52511 | Vaults:1 | Bought a book of Ice for 736 gold pieces
 52511 | Vaults:1 | Bought a book of the Warp for 512 gold pieces
 52609 | Vaults:1 | Found a magical portal.
 52677 | Vaults:1 | Found a gateway to a bazaar.
 52685 | Bazaar   | Entered a bazaar
 52685 | Bazaar   | Found Idism's Weapon Shoppe.
 52685 | Bazaar   | Found Tynemefeik's Antique Armour Shop.
 52685 | Bazaar   | Found Qikli Keuf's Antique Weapon Boutique.
 52686 | Bazaar   | Found Hieng's General Store.
 52807 | WizLab   | Entered Iskenderun's Mystic Tower
 55175 | WizLab   | Reached XP level 21. HP: 140/150 MP: 43/43
 55195 | WizLab   | Got Iskenderun's Disquisition on Combat Magic
 55195 | WizLab   | Got Iskenderun's Catalogue of Attacks
 56581 | Vaults:1 | Reached skill level 19 in Spellcasting
 56582 | Vaults:1 | Reached skill level 15 in Fire Magic
 56968 | Vaults:1 | Learned a level 9 spell: Fire Storm
 57094 | Vaults:2 | Identified the +1 hand axe of Qazlal {chaos, rC+ rN+}
 57765 | Vaults:2 | Found Ethre's General Store.
 57773 | Vaults:2 | Bought a scroll of teleportation for 63 gold pieces
 59143 | Vaults:3 | Found Uhitilut's Antique Armour Boutique.
 59944 | Vaults:3 | Reached XP level 22. HP: 157/157 MP: 45/45
 59955 | Vaults:3 | Noticed Donald
 59959 | Vaults:3 | Killed Donald
 60738 | Vaults:3 | Found a staircase to the Crypt.
 61963 | Vaults:4 | Identified the amulet "Tomelor" {Spirit *Corrode Str+3
                  | SInv}
 62053 | Vaults:4 | Reached skill level 20 in Spellcasting
 62742 | Vaults:5 | Entered Level 5 of the Vaults
 62746 | Vaults:5 | Reached XP level 23. HP: 162/162 MP: 47/47
 62752 | Vaults:5 | Noticed a dread lich
 62754 | Vaults:5 | Killed a dread lich
 63168 | Vaults:5 | Identified the +2 pair of gloves "Ylirim" {Harm rF+ Str+3
                  | Int+4}
 63174 | Vaults:5 | Got Rav Taphos's Grimoire of Supportive Moulding
 63178 | Vaults:5 | Noticed an ancient lich
 63469 | Vaults:5 | Killed an ancient lich
 64641 | Vaults:5 | Noticed a golden dragon
 64643 | Vaults:5 | Killed a golden dragon
 64848 | Vaults:5 | Got a silver rune of Zot
 65854 | Slime:1  | Entered Level 1 of the Pits of Slime
 65943 | Slime:2  | Reached skill level 21 in Spellcasting
 66020 | Slime:2  | Reached XP level 24. HP: 149/169 MP: 48/48
 66099 | Slime:3  | Noticed Dissolution
 66102 | Slime:3  | Killed Dissolution
 66233 | Slime:5  | Entered Level 5 of the Pits of Slime
 66263 | Slime:5  | Reached skill level 5 in Ice Magic
 66366 | Slime:5  | Noticed the Royal Jelly
 66369 | Slime:5  | Killed the Royal Jelly
 66928 | Slime:5  | Identified the ring "Pageani" {Fire Str+4 Dex+4}
 66950 | Slime:5  | Got a slimy rune of Zot
 66959 | Slime:5  | Identified the +12 hand axe of Fisuaf {holy, rElec rF++
                  | rCorr Int-2}
 67010 | Slime:5  | Identified the +4 scale mail "Buar" {+Inv rF+}
 67390 | Depths:1 | Entered Level 1 of the Depths
 67538 | Depths:1 | Reached skill level 10 in Ice Magic
 67916 | Depths:1 | Found a gateway to Hell.
 67951 | Depths:1 | Noticed a caustic shrike
 67953 | Depths:1 | Noticed a caustic shrike
 67954 | Depths:1 | Killed a caustic shrike
 67955 | Depths:1 | Killed a caustic shrike
 67974 | Depths:1 | Noticed a caustic shrike
 67977 | Depths:1 | Noticed a caustic shrike
 67977 | Depths:1 | Noticed a caustic shrike
 67978 | Depths:1 | Killed a caustic shrike
 67979 | Depths:1 | Killed a caustic shrike
 67979 | Depths:1 | Killed a caustic shrike
 68219 | Depths:1 | Found a runed translucent door.
 68219 | Depths:1 | Found a shimmering altar of Xom.
 68219 | Depths:1 | Noticed Ewiqu's ghost (adept MiBe)
 68236 | Depths:1 | Killed Ewiqu's ghost
 68263 | Depths:1 | Found a one-way gate leading to the halls of Pandemonium.
 68456 | Depths:1 | Found a portal to a secret trove of treasure.
 68769 | Depths:1 | Found a glowing golden altar of the Shining One.
 68770 | Depths:1 | Found a runed translucent door.
 68771 | Depths:1 | You fall into a shaft and drop 1 floor!
 68778 | Depths:2 | Killed the Enchantress
 69037 | Depths:2 | Reached XP level 25. HP: 115/174 MP: 48/48
 69048 | Depths:2 | Identified the +4 scale mail of the Lily {rPois}
 69395 | Depths:2 | Found a one-way gateway to a ziggurat.
 69867 | Depths:2 | Found a hide-covered altar of Uskayaw.
 69919 | Depths:2 | Found a one-way gate to the infinite horrors of the Abyss.
 70267 | Depths:3 | Found Sucur's Antique Weapon Emporium.
 70267 | Depths:3 | Found Qirefeg's Weapon Shoppe.
 70268 | Depths:3 | Found Lucw's Weapon Shoppe.
 70273 | Depths:3 | Found Iqeipuz's Magic Scroll Emporium.
 70297 | Depths:3 | Bought a scroll of holy word for 180 gold pieces
 70447 | Depths:3 | Reached skill level 15 in Ice Magic
 71654 | Depths:4 | Entered Level 4 of the Depths
 71883 | Depths:4 | Noticed a juggernaut
 71885 | Depths:4 | Killed a juggernaut
 71904 | Depths:4 | Found a gate to the Realm of Zot.
 72138 | Depths:4 | Found a hide-covered altar of Uskayaw.
 72138 | Depths:4 | Found a shimmering blue altar of Sif Muna.
 72139 | Depths:4 | Found a sacrificial altar of Ru.
 72849 | Depths:4 | Reached XP level 26. HP: 181/181 MP: 48/48
 73490 | Depths:4 | Noticed a juggernaut
 73523 | Depths:4 | Identified the ring "Zodegefon" {Wiz rElec Int+3}
 73527 | Depths:4 | Killed a juggernaut
 73651 | Depths:4 | Identified the +5 rapier of Trog {vorpal, rPois}
 73817 | Zig:1    | Entered Level 1 of a ziggurat
 73852 | Zig:2    | Entered Level 2 of a ziggurat
 73908 | Zig:3    | Entered Level 3 of a ziggurat
 74030 | Zig:4    | Entered Level 4 of a ziggurat
 74032 | Zig:4    | Found the +8 lance "Wyrmbane" {slay drac, rPois rF+ rC+
                  | AC+3}
 74146 | Zig:5    | Entered Level 5 of a ziggurat
 74326 | Zig:6    | Entered Level 6 of a ziggurat
 74328 | Zig:6    | Noticed a dread lich
 74332 | Zig:6    | Killed a dread lich
 74394 | Zig:6    | Learned a level 9 spell: Polar Vortex
 74396 | Zig:7    | Entered Level 7 of a ziggurat
 74555 | Zig:7    | Identified the +2 robe of Eternity {rElec rCorr Stlth+}
 74563 | Zig:8    | Entered Level 8 of a ziggurat
 74649 | Zig:8    | Identified the +1 scale mail "Diohusch" {Dex+3}
 74654 | Zig:8    | Got Sif Muna's Catalogue of the Congealing Voyage
 74661 | Zig:8    | Identified the +9 long sword of Romus {vamp, Str+5}
 74666 | Zig:9    | Entered Level 9 of a ziggurat
 74675 | Zig:9    | Noticed a juggernaut
 74676 | Zig:9    | Noticed a juggernaut
 74677 | Zig:9    | Killed a juggernaut
 74681 | Zig:9    | Killed a juggernaut
 74691 | Zig:9    | Identified the +10 arbalest "Uptak" {penet, rC- rCorr SInv}
 74830 | Zig:9    | Reached XP level 27. HP: 194/194 MP: 48/48
 74836 | Zig:10   | Entered Level 10 of a ziggurat
 74840 | Zig:10   | Noticed a juggernaut
 74842 | Zig:10   | Noticed a juggernaut
 74847 | Zig:10   | Killed a juggernaut
 74852 | Zig:10   | Killed a juggernaut
 75127 | Zig:10   | Identified the amulet "Afrecopt" {Acrobat Int+4}
 75173 | Zig:10   | Identified the +9 trident "Fogama" {elec, *Rage rElec rN+
                  | Str+2}
 75177 | Zig:11   | Entered Level 11 of a ziggurat
 75189 | Zig:11   | Reached skill level 22 in Spellcasting
 75332 | Zig:11   | Identified the amulet "Yxesam" {Acrobat Dex+4}
 75336 | Zig:11   | Identified the +1 buckler of Fashasch {Rampage Drain rPois}
 75449 | Zig:12   | Entered Level 12 of a ziggurat
 75491 | Zig:12   | Identified the +3 ring mail of Incorporation {rC+ Str+2
                  | Int-2}
 75512 | Zig:13   | Entered Level 13 of a ziggurat
 75555 | Zig:13   | Identified the +6 morningstar of False Hope {flame, Dex+2}
 75563 | Zig:13   | Identified the +3 hand axe "Foabuytt" {flame, Str+2}
 75576 | Zig:14   | Entered Level 14 of a ziggurat
 75591 | Zig:14   | Noticed Qeutobam the pandemonium lord
 75594 | Zig:14   | Reached skill level 23 in Spellcasting
 75595 | Zig:14   | Killed Qeutobam the pandemonium lord
 75597 | Zig:14   | HP: 2/194 [disintegration (37)]
 76159 | Zig:14   | Identified the ring of the Spinneret {Fire Str+5 SInv}
 76174 | Zig:14   | Identified the +10 falchion "Ahucaonk" {vorpal, MP+9 Int+2}
 76179 | Zig:14   | Identified the +1 leather armour of Recklessness {Will+
                  | Int+2}
 76188 | Zig:15   | Entered Level 15 of a ziggurat
 76234 | Zig:15   | Killed from afar by a Hell Sentinel

Illustrated notes

Levels and vault maps discovered:
D:1:      wander_arrival_fairy_ring, layout_basic, chequers_serial_rivers_room_a
D:2:      layout_loops_ring, shapermc_ecumenical_altar_venn, uniq_natasha
D:3:      layout_loops_ring, mainiacjoe_overflow_chevrons,
          gammafunk_ghost_arena, hangedman_glass_teeth
D:4:      layout_basic, nicolae_hepliaklqana_monster_ancestors,
          due_unseen_surprise
D:5:      layout_basic, lemuel_doored_altar, overflow_temple_1_default,
          amethyst_overflow_temple_binary, minmay_manual_mess, uniq_ijyb,
          uniq_edmund, uniq_sigmund, uniq_menkaure
D:6:      layout_layer_cave, minmay_temple_entry_hall
D:7:      layout_basic, nicolae_wu_jian_immortal_techniques
D:8:      layout_rooms, lightli_temple_of_fire, minmay_lair_entry_grove,
          serial_shops, shop
D:9:      layout_cave_pools, grunt_decor_clamped
D:10:     minmay_diamond_stairs, layout_basic
D:11:     layout_gridville, serial_shops, kennysheep_mini_moat
D:12:     layout_loops_corners, lightli_corner_chamber
D:13:     layout_rooms, skrybe_vaults_entry_preservation, fountainhead,
          hangedman_parallel_progression, uniq_kirke, uniq_urug, uniq_erolcha
D:14:     layout_basic, nicolae_wwwww, minmay_pinched_square
D:15:     grunt_enter_depths_snipers, layout_long_grid, elyvilon_altar_5
Temple:   jpeg_temple_clearing
Lair:1:   layout_loops_ring, nicolae_volcano_entry_hallway, st_stairs_7
Lair:2:   layout_loops_ring, infiniplex_staircase_pool, uniq_maggie
Lair:3:   layout_hall_layers
Lair:4:   layout_loops_ring, minmay_swamp_entry_worms, spider_nest_entry_webs,
          lemuel_old_faithful, grunt_megastairs_3
Lair:5:   layout_regular_city
Lair:6:   guppyfry_lair_end_dragon, layout_gridlike, wormcave,
          minmay_slime_entry_pillars
Swamp:1:  layout_falls_marsh, evilmike_swamp_ruin_house_2,
          nicolae_swamp_treefoil, swamp_pool1, nicolae_swamp_well_well_well
Swamp:2:  nicolae_swamp_tree_isthmus, layout_falls_marsh,
          gammafunk_ghost_necromancy, nicolae_swamp_triple_paths, swamp_pool1,
          uniq_louise
Swamp:3:  layout_basic_swamp, evilmike_swamp_ruin_rubble_2, swamp_pool3,
          lemuel_altar_in_water, cheibrodos_swamp_pet_leeches, uniq_aizul
Swamp:4:  swamp_icy, layout_basic_swamp, gammafunk_ghost_grave, uniq_bai_suzhen,
          uniq_nikola
Spider:1: layout_spider_delve, drop_trap
Spider:2: layout_spider_delve
Spider:3: layout_spider_delve, portal_ice_cave_entry_pillars_four,
          spiders_nest_ghost_moth_duel
Spider:4: spider_rune_water, nicolae_spider_orb_run
Slime:1:  layout_caves
Slime:2:  layout_caves
Slime:3:  layout_caves, dissolution_awaits
Slime:4:  layout_caves
Slime:5
Orc:1:    layout_caves, serial_shops, shop
Orc:2:    pubby_orc_utopia, serial_shops
Elf:1:    nicolae_elf_arrival_fired_up, layout_geoelf_grid,
          hangedman_elven_crosses_minicolossus, item_on_display_a,
          minmay_shop_star
Elf:2:    elven_hall_of_blades_hangedman_original [mumra_blade_entry_bloodbath],
          layout_onion_city, uniq_azrael
Elf:3:    minmay_elf_hall_spiked, layout_onion_city, serial_shops, shop,
          nicolae_shop_crystal, grunt_ministairs_5, uniq_mara
Vaults:1: infiniplex_enter_wizlab_water, v_misc_2, ontoclasm_vaults_hangar,
          nicolae_vaults_network_square, grunt_vaults_twisty,
          grunt_vaults_trifunnel, hangedman_vaults_maws, vaults_dpeg_diagonal,
          nicolae_vaults_network_quinsquares
          [nicolae_vaults_network_quincunx_subvault,
          nicolae_vaults_network_quincunx_subvault,
          nicolae_vaults_network_quincunx_subvault,
          nicolae_vaults_network_quincunx_subvault], v_misc_17,
          vaults_dpeg_encased_lava, nicolae_vaults_circle_grid_a,
          vaults_dpeg_ring, layout_vaults_omnicross, serial_shops, statue_bzr,
          nicolae_shop_trees, shop, nicolae_square_shop,
          nicolae_shop_statue_plus
Vaults:2: dpeg_vaults_waves, nicolae_vaults_circle_grid_a,
          ontoclasm_vaults_loading_screen, nicolae_vaults_little_squares_5,
          ontoclasm_vaults_eye, v_misc_14, v_pattern_1,
          nicolae_vaults_shelves_hall, nicolae_vaults_asterisk,
          layout_vaults_quadrants, serial_shops, shop
Vaults:3: minmay_crypt_entry_skeletal_spiral, ontoclasm_vaults_ring_square,
          hangedman_vaults_pinch, vaults_room_pools, hangedman_vaults_nodes,
          hangedman_vaults_cutoff, v_alt_pattern_1, ontoclasm_vaults_gallery,
          nicolae_vaults_specimen_jars, nicolae_vaults_little_squares_5,
          v_misc_18, hangedman_vaults_stagger, hangedman_vaults_river_flow,
          v_misc_13, layout_vaults_omnibox, serial_shops,
          nicolae_shop_temple_entry_statues_fountains, uniq_donald
Vaults:4: nicolae_vaults_rhombus_5, hangedman_vaults_variations, v_misc_15,
          vaults_room_grid, nicolae_vaults_arrows, v_pattern_5,
          vaults_room_stairs_pillars, vaults_mumra_minichess,
          hangedman_vaults_trim, v_misc_19, vaults_room_fours,
          grunt_vaults_hallway_long, layout_vaults_maze_snakey
Vaults:5: serial_shops
Depths:1: layout_small_grid, grunt_hell_entry_dis_mu, ebering_ghost_xom,
          rand_demon_pan_entry_3, enter_trove_3, moated_statue, drop_trap,
          lemuel_angel_altar, serial_bayou_shore_b
Depths:2: cheibrodos_tormentor_scu, layout_basic, enter_ziggurat_b, abyss_entry,
          nicolae_uskayaw_en_pointe, rand_demon_pan_entry_9,
          pf_dread_powers_of_hell, uniq_enchantress
Depths:3: thingy_vault, layout_basic, hellmouth_1, abyss_entry,
          minmay_staircase_bubble, minmay_shoptagon, serial_bayou_shore_b
Depths:4: hangedman_slaughterboxes, hell_entry
Zig:15

Skill      XL: |  1  2  3  4  5  6  7  8  9 10 11 12 13 14 15 16 17 18 19 20 21 22 23 24 25 26 27 |
---------------+----------------------------------------------------------------------------------+-----
Conjurations   | 5 6 7 8 9 10 11 12 13 14 16 18 19 20 21 | 21.0
Spellcasting   | 4 6 9 11 13 15 16 18 19 20 21 23 | 23.8
Fighting       | 6 10 12 | 12.2
Dodging        | 7 10 | 10.2
Shields        | 2 7 10 11 | 11.1
Ice Magic      | 3 13 18 21 | 21.0
Earth Magic    | 4 7 9 |  9.0
Hexes          | 3 |  3.0
Necromancy     | 4 7 9 |  9.0
Translocations | 3 |  3.0
Fire Magic     | 11 14 16 18 20 21 | 21.0
Stealth        | |  2.6

Action                   |  1- 3 |  4- 6 |  7- 9 | 10-12 | 13-15 | 16-18 | 19-21 | 22-24 | 25-27 || total
-------------------------+-------+-------+-------+-------+-------+-------+-------+-------+-------++-------
Melee: Dagger            |     6 |       |       |       |       |       |       |       |       ||     6
       Tentacles         |     2 |       |     1 |     1 |    41 |    50 |   100 |     2 |    23 ||   220
       Constrict         |     1 |       |     1 |     3 |    13 |    23 |    42 |       |     5 ||    88
       Punch             |     1 |       |       |     1 |     4 |     5 |     9 |       |     3 ||    23
       Staff             |       |       |     1 |     4 |    84 |   106 |   189 |     5 |    30 ||   419
 Cast: Magic Dart        |     5 |     3 |   110 |    21 |    25 |     7 |       |       |       ||   171
       Searing Ray       |     5 |    12 |    83 |    37 |    11 |     3 |       |       |       ||   151
       Fulminant Prism   |       |       |    20 |    86 |    71 |    25 |    11 |       |     3 ||   216
       Iskenderun's Myst |       |       |       |   129 |   309 |   264 |   173 |    93 |    76 ||  1044
       Borgnjor's Vile C |       |       |       |       |   101 |   171 |    31 |     7 |     1 ||   311
       Ozocubu's Armour  |       |       |       |       |     2 |       |       |       |       ||     2
       Orb of Destructio |       |       |       |       |       |    32 |    51 |       |     4 ||    87
       Irradiate         |       |       |       |       |       |    53 |   101 |     3 |    14 ||   171
       Statue Form       |       |       |       |       |       |     4 |     4 |       |     1 ||     9
       Fireball          |       |       |       |       |       |     5 |     4 |       |       ||     9
       Ignition          |       |       |       |       |       |       |    41 |       |       ||    41
       Fire Storm        |       |       |       |       |       |       |    53 |   233 |   173 ||   459
       Polar Vortex      |       |       |       |       |       |       |       |       |     5 ||     5
       Blink             |       |       |       |       |       |       |       |       |     3 ||     3
Invok: Call Merchant     |       |     4 |       |       |       |       |       |       |       ||     4
Evoke: Wand              |       |       |       |       |       |       |     3 |       |     1 ||     4
  Use: Scroll            |     4 |     5 |       |       |     1 |    29 |     7 |     2 |     1 ||    49
       Potion            |     1 |       |       |       |     1 |       |     1 |       |     3 ||     6
 Stab: Sleeping          |     1 |       |       |       |       |     4 |     5 |       |       ||    10
       Distracted        |       |       |       |       |       |     1 |       |       |       ||     1
Armor: Skin              |     1 |     3 |    12 |    36 |    62 |   132 |    42 |     4 |     6 ||   298
Dodge: Dodged            |     5 |     8 |    34 |   125 |   330 |   513 |   210 |    22 |    69 ||  1316
Block: Other             |       |     1 |     8 |    25 |       |       |       |       |       ||    34
       Reflection        |       |       |     2 |     3 |       |       |       |       |       ||     5
       Buckler           |       |       |       |       |   127 |   259 |       |       |       ||   386
       Tower shield      |       |       |       |       |       |     4 |   618 |    68 |    82 ||   772
